 Dungeon Crawl Stone Soup version 0.23.1-37-gaa34b87 (webtiles) character file.

Game seed: 12045882274673486724

4787 nuthulu the Fighter (level 10, -2/86 HPs)
             Began as a Demonspawn Berserker on Mar 24, 2019.
             Was an Elder of Trog.
             Slain by a killer bee (6 damage)
             ... on level 9 of the Dungeon.
             The game lasted 00:16:47 (8655 turns).

nuthulu the Fighter (Demonspawn Berserker)          Turns: 8655, Time: 00:16:48

Health: -2/86      AC: 19    Str: 19    XL:     10   Next: 24%
Magic:  10/10      EV:  6    Int:  9    God:    Trog [****..]
Gold:   344        SH:  0    Dex: 14    Spells: 9/9 levels left

rFire    . . .     SeeInvis .   i - +0 war axe
rCold    + . .     Gourm    .   (no shield)
rNeg     . . .     Faith    .   s - +0 plate armour
rPois    .         Spirit   .   (helmet restricted)
rElec    .         Reflect  .   (no cloak)
rCorr    +         Harm     .   p - +0 pair of gloves
MR       .....                  d - +2 pair of boots
Stlth    ..........             o - amulet of inaccuracy (curse)
HPRegen  0.24/turn              k - ring of attention (curse)
MPRegen  0.12/turn              x - ring of protection from cold

@: berserk cooldown, slowed, very slow
A: horns 2, yellow scales 3, demonic guardian 1
a: Berserk, Trog's Hand, Brothers in Arms, Renounce Religion


You were on level 9 of the Dungeon.
You worshipped Trog.
Trog was greatly pleased with you.
You were not hungry.

You visited 1 branch of the dungeon, and saw 9 of its levels.

You collected 344 gold pieces.

Inventory:

Hand Weapons
 i - a +0 war axe (weapon)
 v - the +7 whip of Joitig {freeze, Str+4 Stlth+}
   (You found it on level 5 of the Dungeon)

   It has been specially enchanted to freeze those struck by it, causing extra
   injury to most foes and up to half again as much damage against particularly
   susceptible opponents.
   It can also slow down cold-blooded creatures.
   It affects your strength (+4).
   It makes you more stealthy.
Armour
 d - a +2 pair of boots (worn)
 p - a +0 pair of gloves (worn)
 s - a +0 plate armour (worn)
Jewellery
 b - an uncursed ring of magical power
 k - a cursed ring of attention (left hand)
 o - a cursed amulet of inaccuracy (around neck)
 x - a ring of protection from cold (right hand)
Wands
 e - a wand of random effects (15)
 f - a wand of disintegration (13)
 l - a wand of polymorph (12)
 r - a wand of flame (41)
 y - a wand of acid (8)
Scrolls
 g - 5 scrolls of teleportation
 q - a scroll of identify
Potions
 a - 4 potions of lignification
 h - 2 potions of haste
 m - a potion of brilliance
 n - a potion of might
 t - a potion of mutation
 u - a potion of cancellation
 w - a potion of degeneration
 z - a potion of agility
 B - a potion of magic
Comestibles
 c - 18 rations


   Skills:
 + Level 10.7 Fighting
 + Level 10.3 Axes
 - Level 2.0 Armour
 - Level 2.0 Dodging


You had 9 spell levels left.
You didn't know any spells.
Your spell library was empty.

Dungeon Overview and Level Annotations

Branches:
Dungeon (9/15)             Temple (0/1) D:6            Lair (0/6) D:8
    Orc: D:9-12

Altars:
Ashenzari
Fedhas
Gozag
Hepliaklqana
Kikubaaqudgha
Nemelex Xobeh
Ru
Wu Jian
Yredelemnul
Zin
Beogh

Shops:
D:4 [

Annotations:
D:4 3 runed translucent doors, Arkeny's ghost, amateur DEWz


Innate Abilities, Weirdness & Mutations

You have a pair of horns on your head.
You are completely covered in yellow scales. (AC +4, rCorr)
A weak demonic guardian rushes to your aid.


Message History

Unknown command.
You feel better. The killer bee stings you.
* * * LOW HITPOINT WARNING * * *
The killer bee stings you but does no damage. x2
Okay, then.
You eat one of the 19 rations.
That ration really hit the spot!
The killer bee stings you but does no damage. x2
The killer bee stings you.
* * * LOW HITPOINT WARNING * * *
Your ufetubus barely misses the killer bee.
Your ufetubus hits the killer bee. The killer bee stings your ufetubus!
Your ufetubus dies!
The killer bee stings you but does no damage.
Okay, then.
Okay, then.
Your ogre goes berserk!
You feel somewhat more hungry.
The killer bee stings you but does no damage.
The killer bee stings you.
You die...

#############
......†.))y.#
.##########@##########
......O....#.....#
.###.......#.....##
+.............>#
#.......#......#
#..............######
.......(........#....#
......................'
.................#....#


You could see a killer bee and a friendly ogre (berserk).

Vanquished Creatures
  A komodo dragon (D:8)
  2 hornets (D:8)
  Grinder (D:2)
  A yak (D:8)
  A wyvern (D:9)
  A soldier ant (D:8)
  A water moccasin (D:7)
  A porcupine (D:8)
  2 ice beasts
  A black bear (D:8)
  4 orc warriors
  A phantom (D:8)
  3 ogres
  4 bullfrogs
  Dowan (D:6)
  A wyvern skeleton (D:6)
  2 scorpions
  10 killer bees
  2 wights (D:6)
  A howler monkey (D:4)
  3 crimson imps (D:5)
  A bullfrog zombie (D:8)
  3 hounds
  3 iguanas
  5 orc wizards
  2 bullfrog skeletons
  Jessica (D:3)
  Ijyb (D:5)
  6 worker ants
  A hound skeleton (D:8)
  A howler monkey zombie (D:8)
  Robin (D:3)
  2 worker ant zombies
  5 gnolls
  16 adders
  An ooze (D:1)
  An adder zombie (D:7)
  A worm (D:2)
  3 dart slugs
  9 leopard geckos
  28 orcs
  3 giant cockroaches
  7 goblins
  12 hobgoblins
  10 jackals
  2 quokkas
  A ball python (D:6)
  6 bats
  3 frilled lizards
  7 kobolds
  A leopard gecko skeleton (D:5)
  A quokka skeleton (D:4)
  A rat (D:1)
189 creatures vanquished.

Vanquished Creatures (collateral kills)
  Eustachio (D:4)
  Duvessa (D:6)
  An ice beast (D:6)
  A sky beast (D:6)
  An ogre (D:8)
  A bullfrog (D:6)
  A wight (D:6)
  2 hounds
  2 gnolls (D:7)
  An orc (D:4)
  A giant cockroach (D:7)
13 creatures vanquished.

Vanquished Creatures (others)
  5 fungi (D:8)
  2 plants (D:8)
7 creatures vanquished.

Grand Total: 209 creatures vanquished

Notes
Turn   | Place    | Note
-------+----------+-------------------------------------------
     0 | D:1      | nuthulu the Demonspawn Berserker began the quest for the
                  | Orb.
     0 | D:1      | Reached XP level 1. HP: 18/18 MP: 1/1
   287 | D:1      | Gained mutation: You are partially covered in yellow
                  | scales. (AC +2) [demonic ancestry]
   287 | D:1      | Reached XP level 2. HP: 23/24 MP: 2/2
   768 | D:1      | Reached XP level 3. HP: 29/29 MP: 3/3
  1371 | D:2      | Reached ** piety under Trog
  1594 | D:2      | Gained mutation: You are mostly covered in yellow scales.
                  | (AC +3) [demonic ancestry]
  1594 | D:2      | Reached XP level 4. HP: 35/37 MP: 4/4
  1917 | D:2      | Found an ancient bone altar of Kikubaaqudgha.
  1919 | D:2      | Found a basalt altar of Yredelemnul.
  1977 | D:2      | Found a glowing silver altar of Zin.
  2345 | D:3      | Noticed Grinder
  2346 | D:3      | Paralysed by Grinder for 5 turns
  2359 | D:2      | Killed Grinder
  2359 | D:2      | Reached skill level 5 in Axes
  2359 | D:2      | Gained mutation: A weak demonic guardian rushes to your
                  | aid. [demonic ancestry]
  2359 | D:2      | Reached XP level 5. HP: 43/43 MP: 5/5
  2359 | D:2      | Gained mutation: You have a pair of small horns on your
                  | head. [demonic ancestry]
  2359 | D:2      | Reached XP level 6. HP: 50/50 MP: 6/6
  2437 | D:3      | Reached skill level 5 in Fighting
  2457 | D:3      | Noticed Robin
  2466 | D:3      | Killed Robin
  2690 | D:3      | Noticed Jessica
  2698 | D:3      | Killed Jessica
  2777 | D:3      | Found a sparkling altar of Nemelex Xobeh.
  2777 | D:3      | Found an opulent altar of Gozag.
  3185 | D:3      | Found a blossoming altar of Fedhas.
  3206 | D:3      | Found a sacrificial altar of Ru.
  3252 | D:3      | Found an ornate altar of the Wu Jian Council.
  3324 | D:4      | Noticed Eustachio
  3346 | D:4      | Killed Eustachio
  3346 | D:4      | Reached XP level 7. HP: 53/57 MP: 7/7
  3405 | D:4      | Reached *** piety under Trog
  3655 | D:4      | Found a runed translucent gate.
  3655 | D:4      | Found a runed translucent gate.
  3655 | D:4      | Found a runed translucent gate.
  3659 | D:4      | Noticed Arkeny's ghost (amateur DEWz)
  3662 | D:4      | Found a roughly hewn altar of Beogh.
  3667 | D:4      | Found a shattered altar of Ashenzari.
  3691 | D:4      | Found Omack's Armour Shoppe.
  3855 | D:4      | Identified the cursed +2 short sword of the People {pierce,
                  | +Rage Str+3}
  4108 | D:5      | Entered Level 5 of the Dungeon
  4293 | D:5      | You fall through a shaft for 3 floors!
  4299 | D:8      | Gained mutation: You are completely covered in yellow
                  | scales. (AC +4, rCorr) [demonic ancestry]
  4299 | D:8      | Reached XP level 8. HP: 64/65 MP: 8/8
  4660 | D:6      | Found a staircase to the Ecumenical Temple.
  4849 | D:5      | Found a hazy altar of Hepliaklqana.
  4868 | D:5      | Reached **** piety under Trog
  4888 | D:5      | Got an iridescent whip
  4889 | D:5      | Identified the +7 whip of Joitig {freeze, Str+4 Stlth+}
                  | (You found it on level 5 of the Dungeon)
  5038 | D:5      | Noticed Ijyb
  5051 | D:5      | Killed Ijyb
  5235 | D:6      | Found a sparkling altar of Nemelex Xobeh.
  5264 | D:6      | Noticed Duvessa
  5264 | D:6      | Noticed Dowan
  5277 | D:6      | Killed Duvessa
  5293 | D:6      | Killed Dowan
  5293 | D:6      | Gained mutation: You have a pair of horns on your head.
                  | [demonic ancestry]
  5293 | D:6      | Reached XP level 9. HP: 43/75 MP: 9/9
  6989 | D:8      | Reached skill level 10 in Fighting
  7212 | D:8      | Paralysed by a hornet for 3 turns
  7242 | D:8      | Reached XP level 10. HP: 67/86 MP: 10/10
  7366 | D:8      | Reached skill level 10 in Axes
  7408 | D:8      | Reached ***** piety under Trog
  7570 | D:8      | Found a staircase to the Lair.
  8099 | D:9      | Noticed a two-headed ogre
  8651 | D:9      | HP: 1/86 [killer bee (7)]
  8655 | D:9      | Slain by a killer bee

Skill      XL: |  1  2  3  4  5  6  7  8  9 10 |
---------------+-------------------------------+-----
Armour         | 2 |  2.0
Dodging        | 2 |  2.0
Axes           | 3 5 6 8 9 10 | 10.3
Fighting       | 4 5 6 8 10 | 10.7

Action                   |  1- 3 |  4- 6 |  7- 9 | 10-12 || total
-------------------------+-------+-------+-------+-------++-------
Melee: Hand axe          |   105 |    18 |       |       ||   123
       War axe           |       |    95 |   452 |   127 ||   674
       Headbutt          |       |    12 |    72 |    12 ||    96
       Unarmed           |       |     2 |       |       ||     2
Invok: Trog's Hand       |       |     1 |     4 |     3 ||     8
       Berserk           |       |     1 |     1 |     2 ||     4
       Brothers in Arms  |       |       |       |     1 ||     1
  Use: Scroll            |     5 |     5 |     9 |     3 ||    22
       Potion            |       |       |     2 |     5 ||     7
 Stab: Distracted        |       |       |     4 |       ||     4
  Eat: Chunk             |     2 |     4 |    11 |       ||    17
       Ration            |       |     1 |     2 |     2 ||     5
Armor: Animal skin       |     5 |       |       |       ||     5
       Leather armour    |    26 |       |       |       ||    26
       Scale mail        |     4 |    81 |    55 |       ||   140
       Plate armour      |       |       |   353 |   129 ||   482
Dodge: Dodged            |    85 |    88 |   185 |    66 ||   424
